 Dungeon Crawl Stone Soup version 0.22-a0-305-gd21a89c538 (webtiles) character file.

72 Oravi the Bolt Thrower (level 4, -9/26 HPs)
             Began as a Kobold Hunter on Mar 30, 2018.
             Killed by divine providence
             ... invoked by an orc priest
              (13 damage)
             ... on level 3 of the Dungeon.
             The game lasted 00:08:13 (2053 turns).

Oravi the Bolt Thrower (Kobold Hunter)              Turns: 2053, Time: 00:08:14

Health: -9/26      AC:  3    Str: 10    XL:     4   Next: 50%
Magic:  4/4        EV: 16    Int: 12    God:
Gold:   168        SH:  0    Dex: 15    Spells: 3/3 levels left

rFire    . . .     SeeInvis .   b - +0 short sword
rCold    . . .     Gourm    .   (shield restricted)
rNeg     . . .     Faith    .   c - +0 leather armour
rPois    .         Spirit   .   l - +0 hat
rElec    .         Reflect  .   (no cloak)
rCorr    .         Harm     .   (no gloves)
MR       .....                  (no boots)
Stlth    ++........             (no amulet)
HPRegen  0.08/turn              (no ring)
MPRegen  0.09/turn              (no ring)

@: no status effects
A: small, carnivore
a: no special abilities


You were on level 3 of the Dungeon.
You were completely stuffed.

You visited 1 branch of the dungeon, and saw 3 of its levels.

You collected 168 gold pieces.

Inventory:

Hand Weapons
 a - a +1 hand crossbow
 b - a +0 short sword (weapon)
Missiles
 d - 34 bolts
Armour
 c - a +0 leather armour (worn)
 l - a +0 hat (worn)
Scrolls
 h - 2 scrolls of identify {unknown}
 k - a scroll of remove curse {unknown}
 n - a scroll of teleportation {unknown}
 q - a scroll of enchant weapon {unknown}
Potions
 e - a potion of berserk rage
 i - a potion of haste {unknown}
 j - a potion of mutation {unknown}
 m - a potion of cancellation {unknown}
 o - a potion of curing {unknown}
Comestibles
 f - 2 rations


   Skills:
 - Level 2.1 Fighting
 + Level 2.5 Short Blades
 - Level 4.8 Crossbows
 + Level 4.6 Dodging
 - Level 1.3 Stealth


You had 3 spell levels left.
You didn't know any spells.

Dungeon Overview and Level Annotations

Branches:
Dungeon (3/15)

Altars:
Ru


Innate Abilities, Weirdness & Mutations

You are small and have problems with some larger weapons.
You are carnivorous and can eat meat at any time.


Message History

Firing (i - inventory)
d - 35 bolts (quivered)
Press: ? - help, Shift-Dir - straight line, f/p - orc priest
Aim: an orc priest, wielding a short sword (almost dead)
You shoot a bolt.
The bolt completely misses the orc priest.
b - a +0 short sword (weapon)
You hit the orc priest.
The orc priest is almost dead.
The orc priest hits you but does no damage.
You barely miss the orc priest.
The orc priest is almost dead.
The orc priest hits you with a short sword!
The orc hits you with a club.
* * * LOW HITPOINT WARNING * * *
You closely miss the orc priest.
The orc priest is almost dead.
The orc priest mumbles some strange prayers to Beogh against you.
Beogh smites you!
Ouch! That really hurt!
You die...

# ###.### ##.. #
#####.#.#.. ...###
#. #
#)....#.#.###....
... #
#.###.#.#.......##.#
#
#..<#.#.#..........#
#
#####.#.#.[.#......#
# #.......#<..# #
###.#.#.#(#(#.### .
#.#.....@o....# #
#.###.#.#o#.#.# #.#
#.#.#(# # #.#
#.#.#.# #.. ..#.#(#
### ###.#.# #.#(#
#(..( ###


You could see an orc priest and an orc.

Vanquished Creatures
  An adder (D:1)
  A dart slug (D:1)
  2 leopard geckos (D:1)
  An orc (D:2)
  5 giant cockroaches
  5 goblins
  5 hobgoblins
  8 jackals
  6 kobolds
  A ball python (D:2)
  5 bats
  5 frilled lizards
  9 rats
54 creatures vanquished.

Vanquished Creatures (others)
  5 toadstools (D:1)
5 creatures vanquished.

Grand Total: 59 creatures vanquished

Notes
Turn   | Place    | Note
-------+----------+-------------------------------------------
     0 | D:1      | Oravi the Kobold Hunter began the quest for the Orb.
     0 | D:1      | Reached XP level 1. HP: 12/12 MP: 1/1
   260 | D:1      | Reached XP level 2. HP: 17/17 MP: 2/2
   450 | D:1      | Reached XP level 3. HP: 21/21 MP: 3/3
   778 | D:1      | Reached skill level 1 in Short Blades
  1186 | D:2      | Reached XP level 4. HP: 21/26 MP: 4/4
  1216 | D:2      | Found a sacrificial altar of Ru.
  2053 | D:3      | Killed from afar by an orc priest

Vault maps used:
D:1:      ldierk_walled_garden
D:2:      kennysheep_big_flooded_room, lemuel_doored_altar
D:3:      minitemple, first_ration

Skill      XL: |  1  2  3  4 |
---------------+-------------+-----
Dodging        | 3 4 |  4.6
Short Blades   | 1 2 |  2.5
Fighting       | |  2.1
Crossbows      | |  4.8
Stealth        | |  1.3

Action                   |  1- 3 |  4- 6 || total
-------------------------+-------+-------++-------
Melee: Short sword       |    24 |    64 ||    88
 Fire: Hand crossbow     |    51 |    39 ||    90
  Use: Potion            |     1 |     1 ||     2
  Eat: Chunk             |     8 |     4 ||    12
Armor: Leather armour    |     3 |    20 ||    23
Dodge: Dodged            |    31 |    79 ||   110

Table legend:
 A = Spawn XP
 B = Non-spawn XP
 C = Spawn XP percentage of total XP
 D = Spawn monster count
 E = Non-spawn monster count
 F = Spawn count percentage of total count
 G = Total turns spent on level
                    A         B        C        D         E        F      G
               +---------+---------+-------+---------+---------+-------+---------
         Total |       0 |     104 |   0.0 |       0 |      54 |   0.0 |  2053
               +---------+---------+-------+---------+---------+-------+---------
           D:1 |       0 |      69 |   0.0 |       0 |      31 |   0.0 |  1176
           D:2 |       0 |      33 |   0.0 |       0 |      22 |   0.0 |   832
           D:3 |       0 |       2 |   0.0 |       0 |       1 |   0.0 |    45
               +---------+---------+-------+---------+---------+-------+---------
